 Dungeon Crawl Stone Soup version 0.28.0-45-g0d030f2227 (webtiles) character file.

Game seed: 8198930222499277255

7227 Peloso the Carver (level 10, 0/90 HPs)
             Began as a Minotaur Fighter on Apr 9, 2022.
             Was a Priest of Okawaru.
             Succumbed to a black mamba's poison
             ... on level 9 of the Dungeon.
             The game lasted 00:19:14 (10228 turns).

Peloso the Carver (Minotaur Fighter)               Turns: 10228, Time: 00:19:14

Health: 0/90       AC: 22    Str: 24    XL:     10   Next: 88%
Magic:  9/9        EV:  8    Int:  5    God:    Okawaru [***...]
Gold:   343        SH: 10    Dex: 11    Spells: 9/9 levels left

rFire   . . .      SeeInvis .   a - +4 falchion
rCold   . . .      Faith    +   c - +0 kite shield
rNeg    . . .      Spirit   .   N - +3 chain mail
rPois   +          Reflect  .   (helmet restricted)
rElec   .          Harm     .   y - +2 cloak
rCorr   .          Rampage  .   q - +1 pair of gloves
Will    .....                   g - +0 pair of boots
Stlth   ..........              B - amulet of faith
HPRegen 0.25/turn               k - ring of poison resistance
MPRegen 0.11/turn               (no ring)

@: lethally poisoned (0 -> -15)
A: horns 2, retaliatory headbutt
a: Renounce Religion, Heroism


You were on level 9 of the Dungeon.
You worshipped Okawaru.
Okawaru was most pleased with you.
You visited 2 branches of the dungeon, and saw 10 of its levels.

You collected 343 gold pieces.

Inventory:

Hand Weapons
 a - a +4 falchion (weapon)
 b - a +3 long sword
Missiles
 i - 5 throwing nets (quivered)
Armour
 c - a +0 kite shield (worn)
 g - a +0 pair of boots (worn)
 q - a +1 pair of gloves (worn)
 y - a +2 cloak (worn)
 N - a +3 chain mail (worn)
Jewellery
 k - a ring of poison resistance (left hand)
 o - an amulet of the acrobat
 B - an amulet of faith (around neck)
 D - an amulet of regeneration
Wands
 t - a wand of iceblast (22)
 L - a wand of mindburst (9)
Scrolls
 h - 7 scrolls of identify {unknown}
 j - a scroll of amnesia {unknown}
 l - 2 scrolls of teleportation
 m - 2 scrolls of magic mapping {unknown}
 n - 2 scrolls of fear {unknown}
 r - a scroll of enchant armour {unknown}
 x - 4 scrolls of vulnerability {unknown}
 F - a scroll of fog {unknown}
 G - 3 scrolls of noise {unknown}
 H - 3 scrolls of immolation {unknown}
 I - a scroll of blinking {unknown}
 K - 2 scrolls of enchant weapon {unknown}
 M - a scroll of silence {unknown}
Potions
 d - 2 potions of might
 e - 2 potions of haste {unknown}
 f - 4 potions of curing
 p - a potion of degeneration {unknown}
 s - 2 potions of mutation {unknown}
 u - 2 potions of heal wounds {unknown}
 v - a potion of magic {unknown}
 w - a potion of brilliance {unknown}
 z - a potion of berserk rage {unknown}
 A - a potion of flight {unknown}
 C - a potion of attraction {unknown}
 E - a potion of invisibility {unknown}
 J - 3 potions of ambrosia {unknown}


   Skills:
 + Level 8.7 Fighting
 + Level 12.3 Long Blades
 + Level 10.4 Armour
 + Level 3.9 Dodging
 + Level 1.8 Stealth
 + Level 8.4 Shields
 + Level 0.2 Invocations
 + Level 2.6 Evocations


You had 9 spell levels left.
You didn't know any spells.
Your spell library contained the following spells:

 Spells                   Type           Power      Damage    Failure   Level
 Pain                     Necr           0%         1d4       100%        1
 Blink                    Tloc           0%         N/A       100%        2
 Lesser Beckoning         Tloc           0%         N/A       100%        3
 Portal Projectile        Hex/Tloc       0%         N/A       100%        3
 Vampiric Draining        Necr           0%         2d6       100%        3
 Anguish                  Hex/Necr       0%         N/A       100%        4
 Leda's Liquefaction      Hex/Erth       0%         N/A       100%        4
 Manifold Assault         Tloc           0%         N/A       100%        5
 Enfeeble                 Hex            0%         N/A       100%        7
 Animate Skeleton         Necr           Unusable   N/A       N/A         1
 Call Canine Familiar     Summ           Unusable   N/A       N/A         3
 Tukima's Dance           Hex            Unusable   N/A       N/A         3

Dungeon Overview and Level Annotations

Branches:
Dungeon (9/15)             Temple (1/1) D:7
   Lair: D:8-11         Orc: D:9-12

Altars:
Ashenzari
Cheibriados
Dithmenos
Elyvilon
Fedhas
Gozag
Hepliaklqana
Kikubaaqudgha
Makhleb
Nemelex Xobeh
Okawaru
Qazlal
Ru
Sif Muna
Trog
Uskayaw
Vehumet
Wu Jian
Xom
Yredelemnul
Zin
The Shining One

Annotations:
D:7 2 transporters, Sobaton's ghost, novice MiFi


Innate Abilities, Weirdness & Mutations

You have a pair of horns on your head.
You reflexively headbutt those who attack you in melee.


Message History

You block the steam dragon's attack. The steam dragon closely misses you.
The kobold brigand hits you but does no damage.
Unknown command.
You barely miss the steam dragon.
The steam dragon is almost dead.
You block the steam dragon's attack. The steam dragon closely misses you.
The kobold brigand completely misses you.
Unknown command.
Okay, then.
Unknown command.
You barely miss the steam dragon. You headbutt the steam dragon.
You kill the steam dragon!
Okawaru accepts your kill. The kobold brigand closely misses you.
Unknown command.
You slash the kobold brigand!
The kobold brigand is heavily wounded.
Unknown command.
You slice the kobold brigand!!
You kill the kobold brigand!
Okawaru accepts your kill.
A centaur zombie comes into view.
Unknown command.
Items here: ( ) ††.
Okay, then.
Found 23 stones and a bubbling orange potion.
You feel like a meek peon again.
A black mamba comes into view.
The black mamba hisses angrily.
You block the black mamba's attack. You block the black mamba's attack.
The black mamba bites you!
* * * LOW HITPOINT WARNING * * *
You are lethally poisoned!
The black mamba poisons you!
* * * LOW HITPOINT WARNING * * *
You feel very sick.
The yak snorts and paws the ground.
You block the black mamba's attack.
You die...

..).......######..#.###
..............##..#...##
.......)...............#
......))...............#
.....................#
...[.............##..#
...............####..###
................##.....##
.........C......@.....<.##
...^.....ZY...S..#.......#
................######..##
.##.....##......# #.##
.#..............# ###
)#......##...#..#
.)......##.######
##......##.# ##..........


You could see a cyclops, a black mamba, a yak and a centaur zombie.

Vanquished Creatures
  Harold (D:7)
  Pikel (D:7)
  A cyclops (D:6)
  A kobold demonologist (D:8)
  2 trolls (D:8)
  Grinder (D:5)
  A shadow (D:6)
  A yak (D:8)
  Menkaure (D:4)
  2 steam dragons
  5 water moccasins
  An ice beast (D:7)
  A sky beast (D:7)
  2 black bears
  2 ogres
  An orc warrior (D:7)
  6 centaurs
  4 kobold brigands
  A wyvern zombie (D:6)
  3 scorpions
  A bullfrog (D:7)
  2 gnoll sergeants
  5 killer bees (D:8)
  12 wights
  8 howler monkeys
  A centaur zombie (D:8)
  2 bullfrog zombies
  2 hounds
  A gnoll shaman (D:7)
  4 orc priests
  2 centaur skeletons
  2 iguanas
  8 orc wizards
  A killer bee zombie (D:6)
  A hound zombie (D:5)
  7 gnolls
  10 adders
  2 ufetubi
  2 worms
  3 dart slugs
  20 orcs
  9 endoplasms
  3 giant cockroaches
  8 goblins
  8 hobgoblins
  A jackal (D:4)
  A quokka (D:2)
  8 ball pythons
  8 bats
  7 frilled lizards
  15 kobolds
  3 rats
205 creatures vanquished.

Notes
Turn   | Place    | Note
-------+----------+-------------------------------------------
     0 | D:1      | Peloso the Minotaur Fighter began the quest for the Orb.
     0 | D:1      | Reached XP level 1. HP: 19/19 MP: 0/0
   569 | D:1      | Found a faded altar of an unknown god.
   580 | D:1      | Reached XP level 2. HP: 27/27 MP: 1/1
  1278 | D:2      | Reached XP level 3. HP: 32/34 MP: 2/2
  2022 | D:2      | Reached skill level 3 in Long Blades
  2022 | D:2      | Reached XP level 4. HP: 41/41 MP: 3/3
  2178 | D:3      | Noticed a centaur
  2185 | D:3      | Killed a centaur
  2186 | D:3      | Reached skill level 1 in Dodging
  2186 | D:3      | Reached XP level 5. HP: 40/47 MP: 4/4
  2295 | D:3      | Reached skill level 4 in Long Blades
  3100 | D:4      | Noticed Menkaure
  3105 | D:4      | Killed Menkaure
  3106 | D:4      | Reached skill level 5 in Fighting
  3106 | D:4      | Reached skill level 5 in Long Blades
  3106 | D:4      | Reached skill level 5 in Armour
  3106 | D:4      | Reached XP level 6. HP: 7/56 MP: 5/5
  4367 | D:5      | Entered Level 5 of the Dungeon
  4369 | D:5      | Found a stormy altar of Qazlal.
  4398 | D:5      | Noticed Grinder
  4406 | D:5      | Killed Grinder
  4407 | D:5      | Reached skill level 6 in Long Blades
  4407 | D:5      | Reached skill level 5 in Shields
  4407 | D:5      | Reached XP level 7. HP: 61/61 MP: 6/6
  4510 | D:5      | Reached skill level 7 in Long Blades
  4758 | D:5      | Reached XP level 8. HP: 64/69 MP: 7/7
  5020 | D:5      | Reached skill level 8 in Long Blades
  5446 | D:5      | Identified the +1 ring mail of the Endless Deaths {Will++
                  | Dex-4}
  5489 | D:6      | Noticed a cyclops
  5492 | D:6      | Noticed Pikel
  5569 | D:7      | Killed Pikel
  5570 | D:7      | Reached skill level 9 in Long Blades
  5570 | D:7      | Reached skill level 1 in Evocations
  5751 | D:7      | Reached XP level 9. HP: 30/78 MP: 8/8
  5968 | D:6      | Killed a cyclops
  5969 | D:6      | Reached skill level 10 in Long Blades
  5969 | D:6      | Reached skill level 1 in Stealth
  5975 | D:6      | Noticed an eight-headed hydra
  6587 | D:7      | Found a transporter.
  6720 | D:7      | Found a transporter.
  6724 | D:7      | Noticed a two-headed ogre
  6725 | D:7      | Noticed Sobaton's ghost (novice MiFi)
  6729 | D:7      | Found a bloodstained altar of Trog.
  6730 | D:7      | Noticed a moth of wrath
  6853 | D:7      | Noticed Harold
  6862 | D:7      | Killed Harold
  6863 | D:7      | Reached skill level 11 in Long Blades
  6863 | D:7      | Reached XP level 10. HP: 88/88 MP: 9/9
  7428 | D:7      | Found a staircase to the Ecumenical Temple.
  7463 | Temple   | Entered the Ecumenical Temple
  7571 | Temple   | Became a worshipper of Warmaster Okawaru
  8302 | D:8      | Reached * piety under Okawaru
  8596 | D:9      | Noticed a smoke demon
  8608 | D:9      | Noticed an orange demon
  8721 | D:8      | Reached skill level 12 in Long Blades
  9012 | D:8      | Noticed a sixfirhy
  9230 | D:8      | Reached ** piety under Okawaru
  9488 | D:8      | Reached skill level 10 in Armour
 10125 | D:9      | Reached *** piety under Okawaru
 10163 | D:9      | Noticed a five-headed hydra
 10171 | D:9      | Noticed a guardian serpent
 10171 | D:9      | a tarantella changed into a guardian serpent
 10178 | D:9      | Noticed a deep elf pyromancer
 10179 | D:9      | Noticed a cyclops
 10219 | D:9      | Noticed a black mamba
 10227 | D:9      | HP: 3/90 [poisoned by a black mamba]
 10228 | D:9      | Succumbed to a black mamba's poison

Illustrated notes

Levels and vault maps discovered:
D:1:      psy_arrival_spokes, layout_basic,
          shapermc_ecumenical_altar_notcrosses, chequers_serial_rivers_micro_a
D:2:      layout_loops_ring, serial_co_window_serial, co_window_paths_a,
          co_window_corner_a, co_window_corner_a, co_window_paths_b,
          co_window_paths_a, co_window_of_opportunity_b, co_window_broadway_a,
          co_window_broadway_b, co_window_cross_2, co_window_broadway_a,
          co_window_2corner, co_window_broadway_a, glass_columns_a,
          glass_columns_a, glass_columns_c, glass_columns_a, glass_columns_a
D:3:      minmay_chambers_of_twos, layout_basic
D:4:      minmay_octagon_keep, layout_loops_ring, grunt_decor_resistance,
          uniq_menkaure
D:5:      layout_cave_pods, overflow_temple_1_default, glass_columns_b,
          kennysheep_nub, minmay_a_box_with_orc_wizards_in_it, uniq_grinder
D:6:      cheibrodos_fzero, layout_gridville, uniq_pikel
D:7:      layout_gridville, temple_hall, gammafunk_ghost_wrathful_warriors,
          minmay_circle_x, uniq_harold
D:8:      layout_rooms, minmay_misc_feat_secret_circle
D:9:      minmay_ornate_pinched, layout_cave_pools, zombieorc2_lemuel,
          st_stairs_10
Temple:   kilobyte_greek_temple

Skill      XL: |  1  2  3  4  5  6  7  8  9 10 |
---------------+-------------------------------+-----
Fighting       | 4 5 6 8 |  8.7
Armour         | 4 5 6 7 8 10 | 10.4
Shields        | 4 5 6 8 |  8.4
Long Blades    | 3 5 6 7 9 11 12 | 12.3
Dodging        | 1 2 3 |  3.9
Evocations     | 1 2 |  2.6
Stealth        | 1 |  1.8
Invocations    | |  0.2

Action                   |  1- 3 |  4- 6 |  7- 9 | 10-12 || total
-------------------------+-------+-------+-------+-------++-------
Melee: Long sword        |    80 |   121 |   108 |       ||   309
       Headbutt          |     7 |    15 |    28 |    50 ||   100
       Falchion          |       |       |    72 |   282 ||   354
Invok: Heroism           |       |       |       |     2 ||     2
Evoke: Wand              |       |     1 |    10 |       ||    11
  Use: Scroll            |       |       |       |     4 ||     4
       Potion            |       |       |       |     3 ||     3
Armor: Scale mail        |    47 |    58 |    49 |       ||   154
       Plate armour      |       |       |    50 |   235 ||   285
       Chain mail        |       |       |       |    42 ||    42
Dodge: Dodged            |    35 |    56 |    72 |   119 ||   282
Block: Buckler           |    23 |    33 |    43 |    53 ||   152
       Kite shield       |       |       |       |   134 ||   134
